 Dungeon Crawl Stone Soup version 0.21.0-37-g46506fa (webtiles) character file.

36 Monsterracer the Scratcher (level 3, -5/17 HPs)
             Began as a Felid Monk on Jan 31, 2018.
             Slain by a worm (11 damage)
             ... on level 2 of the Dungeon.
             The game lasted 00:01:19 (1041 turns).

Monsterracer the Scratcher (Felid Monk)             Turns: 1041, Time: 00:01:20

Health: -5/17      AC:  1    Str:  7    XL:     3   Next: 19%
Magic:  4/4        EV: 20    Int: 11    God:
Gold:   10         SH:  0    Dex: 19    Spells: 2/2 levels left
                                        Lives:  0   Deaths: 0

rFire    . . .     SeeInvis +     - Unarmed
rCold    . . .     Gourm    .   (shield unavailable)
rNeg     . . .     Faith    .   (armour unavailable)
rPois    .         Spirit   .   (helmet unavailable)
rElec    .         Reflect  .   (cloak unavailable)
rCorr    .         Harm     .   (gloves unavailable)
MR       .....                  (boots unavailable)
Stlth    +++.......             (no amulet)
HPRegen  0.05/turn              (no ring)
MPRegen  0.09/turn              (no ring)

@: quick
A: very small, no armour, no weapons or thrown items, stealth, claws 1, fangs 3,
see invisible, carnivore, speed 1, shaggy fur 1, slow metabolism 1, sharp paws
a: no special abilities


You were on level 2 of the Dungeon.
You were very full.

You visited 1 branch of the dungeon, and saw 2 of its levels.

You collected 10 gold pieces.

Inventory:

Scrolls
 a - 2 scrolls of teleportation {unknown}
 d - a scroll of fog {unknown}
 e - a scroll of magic mapping {unknown}
 g - a scroll of amnesia {unknown}
 j - a scroll of identify {unknown}
Potions
 b - a potion of curing {unknown}
 f - a potion of cancellation {unknown}
 h - 2 potions of berserk rage {unknown}
 i - a potion of heal wounds {unknown}
 k - a potion of haste {unknown}
Comestibles
 c - 3 rations


   Skills:
 - Level 3.0 Fighting
 - Level 4.0 Dodging
 - Level 2.7 Stealth
 + Level 4.3 Unarmed Combat


You had 2 spell levels left.
You didn't know any spells.

Dungeon Overview and Level Annotations

Branches:
Dungeon (2/15)

Altars:


Innate Abilities, Weirdness & Mutations

You cannot wear armour.
You are incapable of wielding weapons or throwing items.
Your paws allow you to move quietly. (Stealth)
You have sharp claws.
You have razor-sharp teeth.
You have supernaturally acute eyesight. (SInv)
You are carnivorous and can eat meat at any time.
You cover ground quickly.
You are covered in fur. (AC +1)
You have a slow metabolism.
Your sharp claws are effective at attacking unaware monsters.


Message History

No target in view!
You see here a rat corpse.
c - 3 rations (gained 1)
A hobgoblin comes into view.
The hobgoblin shouts!
A hobgoblin is nearby!
You barely miss the hobgoblin. The hobgoblin hits you.
You take 3 damage, and have 11/14 hp.
MASSIVE DAMAGE!!
You scratch the hobgoblin. Your bite misses the hobgoblin.
The hobgoblin is moderately wounded.
The hobgoblin hits you but does no damage.
You closely miss the hobgoblin.
You bite the hobgoblin, but do no damage.
The hobgoblin is moderately wounded.
The hobgoblin closely misses you.
You scratch the hobgoblin but do no damage.
The hobgoblin is moderately wounded.
The hobgoblin hits you.
You take 3 damage, and have 9/14 hp.
MASSIVE DAMAGE!!
You closely miss the hobgoblin.
The hobgoblin is moderately wounded.
The hobgoblin hits you.
* * * LOW HITPOINT WARNING * * *
You take 4 damage, and have 5/14 hp.
MASSIVE DAMAGE!!
You scratch the hobgoblin but do no damage.
The hobgoblin is moderately wounded.
The hobgoblin closely misses you.
You completely miss the hobgoblin.
The hobgoblin is moderately wounded.
The hobgoblin completely misses you.
You claw the hobgoblin!
You kill the hobgoblin!
Unknown command.
There is a stone staircase leading down here.
You see here 12 stones.
You see here 12 stones.
You see here a robe.
There is a stone staircase leading down here.
Key pressed, stopping explore.
A bat comes into view.
Health restored: 14 The bat misses you.
You barely miss the bat. The bat barely misses you. The bat barely misses you.
The bat barely misses you.
You miss the bat. Your claw misses the bat.
The bat hits you but does no damage. The bat misses you.
You barely miss the bat. The bat closely misses you. x2
You claw the bat!
You kill the bat!
No target in view!
You butcher the bat corpse.
l - a chunk of flesh You see here a bat skeleton. x2
Eating a chunk of flesh.
You eat the chunk of flesh.
This raw flesh tastes great.
Done exploring.
Done exploring.
You open the door.
There is an open door here.
You open the door.
There is an open door here.
There is a stone staircase leading down here.
You climb downwards.
An adder and a worm come into view.
The adder hisses angrily.
Found a scroll labeled HOSILYEDGHE.
Found a stone staircase leading up.
There is a stone staircase leading up here.
There are monsters nearby!
The adder closely misses you.
Found a mace.
You scratch the adder.
The adder is heavily wounded.
The adder misses you.
You scratch the adder but do no damage.
The adder is heavily wounded.
The adder closely misses you.
You scratch the adder.
You kill the adder!
You have reached level 3!
Your experience leads to an increase in your attributes!
Increase (S)trength, (I)ntelligence, or (D)exterity?
You feel agile.
Health restored: 17; MP restored: 4
Found an escape hatch in the ceiling.
You scratch the worm.
The worm is moderately wounded.
You barely miss the worm.
The worm is moderately wounded.
The worm bites you!
Ouch! That really hurt!
* * * LOW HITPOINT WARNING * * *
You take 11 damage, and have 6/17 hp.
MASSIVE DAMAGE!!
You claw the worm!
The worm is severely wounded.
You scratch the worm. You bite the worm.
The worm is almost dead.
The worm bites you!
Ouch! That really hurt!
You die...

#. #. #. #. #####
# #. .<..
...#.#.##.#######
......†.<........
.................
####.#.#.@...#..
# #.#..w..?..#
#.#.........
#.#.###.#...
.)... ..... #.#.#
#... .#.# ... #
#. .<


You could see a worm.

Vanquished Creatures
  An adder (D:2)
  An ooze (D:1)
  A dart slug (D:1)
  A ball python (D:1)
  4 bats (D:1)
  2 hobgoblins (D:1)
  4 kobolds (D:1)
  4 frilled lizards (D:1)
  3 goblins (D:1)
  3 rats (D:1)
24 creatures vanquished.

Notes
Turn   | Place    | Note
-------+----------+-------------------------------------------
     0 | D:1      | Monsterracer the Felid Monk began the quest for the Orb.
     0 | D:1      | Reached XP level 1. HP: 10/10 MP: 2/2
   102 | D:1      | Reached XP level 2. HP: 14/14 MP: 3/3
   538 | D:1      | HP: 5/14 [hobgoblin (4)]
  1035 | D:2      | Reached XP level 3. HP: 17/17 MP: 4/4
  1039 | D:2      | HP: 6/17 [worm (11)]
  1041 | D:2      | Slain by a worm

Skill      XL: |  1  2 |
---------------+-------+-----
Unarmed Combat | 4 |  4.3
Fighting       | |  3.0
Dodging        | |  4.0
Stealth        | |  2.7

Action                   || total
-------------------------++-------
Melee: Unarmed           ||    62
       Bite              ||     6
       Punch             ||     1
 Stab: Sleeping          ||     7
  Eat: Chunk             ||     7
Armor: Skin              ||     3
Dodge: Dodged            ||    48

Vault maps used:
D:1:      ncdulo_lavacross, item_on_display_a
D:2:      kennysheep_generic_room_12, uniq_sigmund, uniq_natasha
